Map: 紫晶浪漫-天梯版

Players

JoliwaLoves - Winner!

  • Race: Protoss Protoss

DPGEnchant (EnChant)

  • Race: Protoss Protoss
  • League: Master

Event: DreamHack SC2 Masters 2020 Winter

VOD

Have the link to the VOD?

Description

Time

  • Played on: Oct. 16, 2020, 9:06 a.m.
  • Length: 7:00

All games in this series

Show
View Real Time Build Order
Export as new Build Order

JoliwaLoves Protoss - Winner!

Build Orders:  

Get SALT Encoding   

  12  0:00  Probe  
  13  0:12  Probe  
  14  0:17  Pylon  
  14  0:24  Probe  
  15  0:36  Gateway  
  15  0:37  Probe (Chrono Boost)  
  16  0:47  Assimilator, Probe (Chrono Boost)  
  17  0:52  Probe (Chrono Boost)  
  17  0:55  Assimilator  
  18  1:03  Probe (Chrono Boost)  
  19  1:10  Gateway  
  19  1:13  Probe (Chrono Boost)  
  19  1:18  Probe (Chrono Boost)  
  20  1:24  Cybernetics Core  
  21  1:29  Probe  
  22  1:34  Pylon  
  22  1:41  Probe  
  23  1:52  Pylon  
  23  1:53  Probe  
  24  2:00  Warp Gate  
  24  2:06  Stalker x2  
  28  2:12  Pylon  
  28  2:24  Pylon  
  28  2:38  Robotics Facility  
  28  2:39  Stalker  
  28  2:41  Stalker  
  32  3:02  Gateway  
  32  3:09  Stalker  
  32  3:11  Stalker  
  36  3:13  Pylon  
  35  3:23  Immortal (Chrono Boost)  
  39  3:35  Pylon  
  39  3:44  Pylon  
  39  3:53  Warp Prism (Chrono Boost)  
  41  3:59  Sentry  
  41  4:00  Sentry  
  45  4:21  Stalker  
  47  4:31  Immortal (Chrono Boost)  
  49  5:01  Adept x3  
  49  5:04  Pylon  
  55  5:14  Robotics Bay  
  49  5:31  Warp Prism (Chrono Boost)  
  49  5:50  Adept x3  
  49  5:56  Pylon  
  53  6:19  Stalker x3  
Show
View Real Time Build Order
Export as new Build Order

DPGEnchant Protoss 

Build Orders:  

Get SALT Encoding   

  12  0:00  Probe  
  13  0:12  Probe  
  14  0:17  Pylon  
  14  0:24  Probe (Chrono Boost)  
  15  0:37  Gateway, Probe (Chrono Boost)  
  16  0:44  Probe (Chrono Boost)  
  16  0:46  Assimilator  
  17  0:51  Probe  
  17  0:55  Assimilator  
  18  1:03  Probe (Chrono Boost)  
  19  1:13  Probe (Chrono Boost)  
  19  1:15  Gateway  
  19  1:18  Probe (Chrono Boost)  
  21  1:26  Cybernetics Core  
  21  1:29  Probe  
  22  1:35  Pylon  
  22  1:41  Probe  
  23  2:00  Pylon, Probe  
  24  2:04  Warp Gate, Adept x2  
  28  2:20  Pylon  
  28  2:38  Stalker x2  
  32  2:47  Nexus  
  32  2:55  Shield Battery  
  32  3:04  Probe  
  33  3:07  Robotics Facility  
  35  3:13  Sentry x2  
  37  3:23  Pylon  
  37  3:28  Shield Battery  
  37  3:36  Probe  
  38  3:49  Shield Battery  
  38  3:52  Stalker, Sentry  
  42  4:00  Immortal (Chrono Boost)  
  46  4:17  Sentry  
  48  4:19  Stalker  
  48  4:21  Shield Battery  
  50  4:28  Shield Battery  
  50  4:40  Stalker  
  52  4:45  Pylon  
  52  4:51  Pylon  
  52  5:01  Warp Prism (Chrono Boost)  
  54  5:26  Stalker x2  
  46  5:35  Immortal (Chrono Boost)  
  27  5:51  Sentry x2  
  35  6:11  Immortal  
Tags
 
Add a new tag
Caveats
  • Supply blocks, unpowered buildings, or Contaminate may cause inaccurate times.
  • Supply counts are checked every 10 seconds.